 Dungeon Crawl Stone Soup version 0.20-b1 (webtiles) character file.

221 CanadianGator the Bolt Thrower (level 6, -11/35 HPs)
             Began as a Kobold Hunter on May 25, 2017.
             Was a Follower of Uskayaw.
             Killed by divine providence
             ... invoked by an orc priest
              (15 damage)
             ... on level 3 of the Dungeon.
             The game lasted 00:11:49 (2246 turns).

CanadianGator the Bolt Thrower (Kobold Hunter)      Turns: 2246, Time: 00:11:49

Health: -11/35     AC:  3    Str: 11    XL:     6   Next: 19%
Magic:  0/6        EV: 15    Int: 12    God:    Uskayaw [*.....]
Gold:   129        SH:  0    Dex: 16    Spells: 5/5 levels left

rFire    . . .     SeeInvis .   l - +0 dagger (drain)
rCold    . . .     Gourm    .   (shield restricted)
rNeg     . . .     Faith    .   c - +0 leather armour
rPois    .         Spirit   .   m - +0 helmet
rElec    .         Reflect  .   (no cloak)
rCorr    .         Harm     .   (no gloves)
MR       .....                  i - +0 pair of boots
Stlth    +++.......             (no amulet)
Regen    0.2/turn               o - -2 ring of protection (curse)
MPRegen  0.1/turn               (no ring)

@: hasted, very quick
A: carnivore 3
a: Stomp, Renounce Religion


You were on level 3 of the Dungeon.
You worshipped Uskayaw.
Uskayaw was noncommittal.
You were not hungry.

You visited 1 branch of the dungeon, and saw 3 of its levels.

You collected 129 gold pieces.

Inventory:

Hand Weapons
 a - a +1 hand crossbow
 b - a +0 short sword
 l - a +0 dagger of draining (weapon)
Missiles
 d - 4 bolts
Armour
 c - a +0 leather armour (worn)
 i - a +0 pair of boots (worn)
 j - a cursed +0 chain mail
 m - a +0 helmet (worn)
Jewellery
 o - a cursed -2 ring of protection (left hand)
Scrolls
 n - a scroll of identify {unknown}
 p - a scroll of blinking {unknown}
 r - a scroll of amnesia {unknown}
Potions
 g - a potion of haste
 h - a potion of ambrosia {unknown}
 k - a potion of degeneration {unknown}
Comestibles
 f - 4 meat rations
 q - a royal jelly


   Skills:
 - Level 2.1 Fighting
 + Level 3.4 Short Blades
 + Level 6.4 Crossbows
 - Level 2.4 Dodging
 + Level 4.9 Stealth


You had 5 spell levels left.
You didn't know any spells.

Dungeon Overview and Level Annotations

Branches:
Dungeon (3/15)

Altars:
Uskayaw


Innate Abilities, Weirdness & Mutations

You are small and have problems with some larger weapons.
You are carnivorous and can eat meat at any time.


Message History

Deactivating autopickup; reactivate with Ctrl-A.
You barely miss something. Something barely misses you.
The orc priest barely misses you.
Things that are here:
a dagger of protection; an orc corpse You stomp with the beat, sending a shockwave through the revelers around you!
Reactivating autopickup.
You feel a bit more experienced.
The orc priest is moderately wounded.
You feel somewhat more hungry.
You can no longer stomp with the beat.
The orc priest invokes the aid of Beogh against you.
Pain shoots through your body!
* * * LOW HITPOINT WARNING * * *
You can now stomp with the beat.
Unknown command.
It was a potion of haste.
You feel yourself speed up.
The orc priest invokes the aid of Beogh against you.
Beogh smites you!
You die...

.#...# #..........# #..>...
####(# ##.....######..[... #
#[## #..............#.## #
#..#########....<..####..##.#
#####...#..........(#####..###.#
....###...###.......# #..## #.#
###............#)...# #.## #.#
.........####...(#### ##.# ###.#
..............#)@## #..# #...#
............##.o..## #.## #.###
........###.#..##..## #.# #.#
........###)(.÷.....###†# #.#
...........#.####.###P†.# #.#
...........#.# ###P...†# #.#
.)...........# #.P..#####.#
...<.........######.PP.#.....#
..................#P..P####..#


You could see an orc priest.

Vanquished Creatures
  2 orc wizards (D:3)
  Jessica (D:2)
  3 adders (D:2)
  An ooze (D:2)
  3 worms (D:2)
  A dart slug (D:1)
  A leopard gecko (D:3)
  10 orcs (D:3)
  6 bats
  3 giant cockroaches
  10 goblins
  10 hobgoblins
  4 jackals (D:2)
  2 quokkas
  14 frilled lizards
  7 kobolds
  13 rats
91 creatures vanquished.

Notes
Turn   | Place    | Note
-------+----------+-------------------------------------------
     0 | D:1      | CanadianGator the Kobold Hunter began the quest for the Orb.
     0 | D:1      | Reached XP level 1. HP: 12/12 MP: 1/1
   233 | D:1      | Reached skill level 5 in Crossbows
   288 | D:1      | Reached XP level 2. HP: 17/17 MP: 2/2
   472 | D:1      | Reached XP level 3. HP: 21/21 MP: 3/3
  1093 | D:2      | Reached skill level 1 in Short Blades
  1135 | D:2      | Reached XP level 4. HP: 15/26 MP: 4/4
  1562 | D:2      | Noticed Jessica
  1565 | D:2      | Killed Jessica
  1565 | D:2      | Reached XP level 5. HP: 21/30 MP: 5/5
  1669 | D:3      | Reached skill level 6 in Crossbows
  2104 | D:3      | Reached XP level 6. HP: 28/35 MP: 6/6
  2129 | D:3      | Noticed a dagger
  2130 | D:3      | Noticed a dagger
  2136 | D:3      | Found a hide-covered altar of Uskayaw.
  2148 | D:3      | Became a worshipper of Uskayaw the Reveler
  2233 | D:3      | Reached * piety under Uskayaw
  2239 | D:3      | Reached ** piety under Uskayaw
  2246 | D:3      | Killed from afar by an orc priest

Skill      XL: |  1  2  3  4  5 |
---------------+----------------+-----
Crossbows      | 5 6 |  6.4
Stealth        | 3 4 |  4.9
Short Blades   | 1 2 3 |  3.4
Fighting       | |  2.1
Dodging        | |  2.4

Action                   |  1- 3 |  4- 6 || total
-------------------------+-------+-------++-------
Melee: Short sword       |    25 |       ||    25
       Dagger            |     2 |   109 ||   111
 Fire: Hand crossbow     |    83 |    51 ||   134
Invok: Stomp             |       |     2 ||     2
  Use: Scroll            |       |     2 ||     2
       Potion            |       |     2 ||     2
 Stab: Invisible         |       |     3 ||     3
       Sleeping          |       |     1 ||     1
  Eat: Chunk             |     8 |       ||     8
Armor: Leather armour    |     8 |    15 ||    23
Dodge: Dodged            |    27 |    78 ||   105
